 Dungeon Crawl Stone Soup version 0.28-a0-938-gbc3f381ebc (webtiles) character file.

Game seed: 27121773906731055

108 GenialerGandalf the Chopper (level 4, -3/41 HPs)
             Began as a Hill Orc Fighter on Nov 28, 2021.
             Was a Follower of Beogh.
             Slain by Grinder (5 damage)
             ... on level 3 of the Dungeon.
             The game lasted 00:08:13 (2495 turns).

GenialerGandalf the Chopper (Hill Orc Fighter)      Turns: 2495, Time: 00:08:14

Health: -3/41      AC: 10    Str: 19    XL:     4   Next: 87%
Magic:  4/4        EV:  7    Int:  8    God:    Beogh [*.....]
Gold:   108        SH:  4    Dex: 10    Spells: 3/3 levels left

rFire   . . .      SeeInvis .   a - +0 war axe
rCold   . . .      Faith    .   c - +0 buckler
rNeg    . . .      Spirit   .   j - +0 chain mail
rPois   .          Reflect  .   (no helmet)
rElec   .          Harm     .   (no cloak)
rCorr   .          Rampage  .   f - +0 pair of gloves
Will    .....                   (no boots)
Stlth   ..........              (no amulet)
HPRegen 0.13/turn               (no ring)
MPRegen 0.09/turn               (no ring)

@: mighty
A: no striking features
a: Renounce Religion


You were on level 3 of the Dungeon.
You worshipped Beogh.
Beogh was aware of your devotion.
You visited 1 branch of the dungeon, and saw 3 of its levels.

You collected 108 gold pieces.

Inventory:

Hand Weapons
 a - a +0 war axe (weapon)
Armour
 b - a +0 scale mail
 c - a +0 buckler (worn)
 f - a +0 pair of gloves (worn)
 j - a +0 chain mail (worn)
Scrolls
 g - 2 scrolls of enchant weapon {unknown}
 h - a scroll of identify {unknown}
 k - a scroll of teleportation {unknown}
Potions
 e - a potion of magic {unknown}
 i - a potion of ambrosia {unknown}


   Skills:
 + Level 4.3 Fighting
 + Level 4.8 Axes
 + Level 4.0 Armour
 + Level 3.6 Shields


You had 3 spell levels left.
You didn't know any spells.
Your spell library was empty.

Dungeon Overview and Level Annotations

Branches:
Dungeon (3/15)

Altars:
Yredelemnul

Annotations:
D:3 Grinder


Message History

You slash Grinder!
Grinder is moderately wounded.
Grinder hits you but does no damage.
You hit Grinder.
Grinder is heavily wounded.
Grinder hits you but does no damage.
You hit Grinder but do no damage.
Grinder is heavily wounded.
Grinder gestures at you.
You suddenly lose the ability to move!
Grinder hits you but does no damage.
Grinder says, "Don't move a muscle."
Grinder hits you but does no damage. Grinder hits you but does no damage.
Grinder hits you.
You writhe in agony.
Grinder gestures at you. Pain shoots through your body!
* * * LOW HITPOINT WARNING * * *
Grinder hits you but does no damage.
You can move again.
You feel very mighty all of a sudden.
Grinder blinks!
Grinder gestures at you.
You suddenly lose the ability to move!
Grinder gestures at you. You resist with significant effort.
You can move again.
You closely miss Grinder.
Grinder is heavily wounded.
Grinder hits you.
* * * LOW HITPOINT WARNING * * *
Grinder blinks!
Grinder blinks!
You block Grinder's attack.
You closely miss Grinder.
Grinder is heavily wounded.
Grinder hits you.
* * * LOW HITPOINT WARNING * * *
You writhe in agony.
You die...

#################
#...5@....ยง......
#####.###########
#.# #.# #.# #.#
#.########
#........# ###
########.#####>...


You could see Grinder.

Vanquished Creatures
  Robin (D:2)
  2 adders (D:2)
  3 dart slugs
  An orc (D:2)
  5 ball pythons
  5 bats
  5 endoplasms
  4 giant cockroaches
  12 goblins
  6 hobgoblins
  3 jackals (D:1)
  5 quokkas
  8 kobolds
  4 rats
64 creatures vanquished.

Vanquished Creatures (others)
  An orc (D:2)
  44 plants (D:1)
45 creatures vanquished.

Grand Total: 109 creatures vanquished

Notes
Turn   | Place    | Note
-------+----------+-------------------------------------------
     0 | D:1      | GenialerGandalf the Hill Orc Fighter began the quest for
                  | the Orb.
     0 | D:1      | Reached XP level 1. HP: 19/19 MP: 1/1
   443 | D:1      | Reached XP level 2. HP: 26/27 MP: 2/2
   758 | D:1      | Reached XP level 3. HP: 32/33 MP: 3/3
  1296 | D:2      | Became a worshipper of Beogh the Brigand
  1305 | D:2      | Found a faded altar of an unknown god.
  1342 | D:2      | Found a basalt altar of Yredelemnul.
  1527 | D:2      | Reached XP level 4. HP: 40/40 MP: 4/4
  1553 | D:2      | Noticed Robin
  1596 | D:2      | Killed Robin
  1823 | D:2      | Reached * piety under Beogh
  2468 | D:3      | Noticed Grinder
  2474 | D:3      | Paralysed by Grinder for 7 turns
  2485 | D:3      | Paralysed by Grinder for 7 turns
  2495 | D:3      | HP: 2/41 [Grinder (5)]
  2495 | D:3      | Slain by Grinder

Illustrated notes

Levels and vault maps discovered:
D:1:      lightli_arrival_farm, layout_basic
D:2:      layout_basic, hellmonk_ecumenical_altar_crossroads, basic_altar,
          uniq_robin
D:3:      gammafunk_wand_slinger, layout_basic, nemelex_diamond_rough_becter,
          hellmonk_ghost_happy_afterlife, uniq_natasha, uniq_grinder,
          uniq_jessica, uniq_ijyb, uniq_terence

Skill      XL: |  1  2  3  4 |
---------------+-------------+-----
Fighting       | 4 |  4.3
Axes           | 3 4 |  4.8
Armour         | 4 |  4.0
Shields        | |  3.6

Action                   |  1- 3 |  4- 6 || total
-------------------------+-------+-------++-------
Melee: War axe           |   191 |    83 ||   274
Invok: Convert to Beogh  |     1 |       ||     1
  Use: Potion            |       |     1 ||     1
Armor: Scale mail        |    81 |    40 ||   121
       Chain mail        |       |    14 ||    14
Dodge: Dodged            |    58 |    36 ||    94
Block: Buckler           |    38 |    26 ||    64

Table legend: (Time is in decaauts)
 A = Elapsed time spent in this place.
 B = Non-inter-level travel time spent in this place.
 C = Inter-level travel time spent in this place.
 D = Time resting spent in this place.
 E = Time spent auto-exploring this place.
 F = Levels seen in this place.
 G = Mean time per level.
                   A        B        C        D        E       F      G
               +--------+--------+--------+--------+--------+-----+--------+
         Total |   2670 |   2625 |     45 |    133 |    525 |   3 |  890.0 |
       Dungeon |   2670 |   2625 |     45 |    133 |    525 |   3 |  890.0 |
               +--------+--------+--------+--------+--------+-----+--------+

Top non-repeatable levels by time:
     D:1: 1382 daAuts
     D:2: 1217 daAuts
     D:3: 70 daAuts
